AoeStats
← Fs.Black_

Oasis

510208211Analyzed
4v4 RM · 2d ago on Sep 30, 2026· 26m 31s· 8 players
Game mode
Random Map
Map size
Large (8 player)
Population
200
Speed
Normal
Resources
Standard
Victory
Conquest
Starting age
Dark Age
Ending age
Imperial Age
RankedLock teamsTeams togetherTeam positionsShared explorationLock speedFull tech treeHidden civsTurbo modeCheats
Victory
Defeat
🇧🇷 Georgians · Brazil
1885
+8
🇨🇦 Saracens · Canada
1799
+10
🇧🇷 Wu · Brazil
1655
+16
🇩🇪 Bohemians · Germany
1574
+19
🇺🇸 Wei · United States
1783
-18
🇨🇭 Ethiopians · Switzerland
1734
-16
🇦🇷 Goths · Argentina
1612
-11
🇨🇴 Poles · Colombia
1537
-8
[BÜN] Mr. Grüezi
10:37 Loom
14:23 Feudal Age
14:56 Double-Bit Axe
15:17 Horse Collar
19:27 Town Watch
19:56 Fletching
22:16 Wheelbarrow
Heyfai
6:05 Loom
8:59 Feudal Age
9:42 Double-Bit Axe
14:18 Bloodlines
14:14 Horse Collar
15:16 Scale Barding Armor
18:13 Wheelbarrow
20:10 Forging
27:50 Castle Age
26:20 Gold Mining
26:30 Stone Mining
The .Gocho
6:18 Loom
9:41 Feudal Age
10:16 Double-Bit Axe
12:33 Forging
12:34 Town Watch
13:28 Wheelbarrow
15:28 Scale Barding Armor
18:39 Bloodlines
23:41 Castle Age
22:14 Gold Mining
22:35 Horse Collar
23:43 Light Cavalry
24:24 Husbandry
25:02 Iron Casting
25:06 Chain Barding Armor
таҗик
1:47 Loom
12:32 Feudal Age
17:31 Double-Bit Axe
25:36 Castle Age
24:15 Fletching
Fs.zanatta
5:31 Loom
10:42 Feudal Age
14:38 Fletching
23:09 Castle Age
21:29 Double-Bit Axe
22:07 Padded Archer Armor
23:12 Crossbowman
23:50 Bodkin Arrow
26:14 Ballistics
26:20 Horse Collar
Fs.Neras
8:15 Feudal Age
10:25 Loom
10:59 Bloodlines
10:42 Double-Bit Axe
13:06 Forging
17:22 Scale Barding Armor
22:35 Castle Age
21:37 Gold Mining
23:40 Chain Barding Armor
23:55 Iron Casting
KerchakSS
5:38 Loom
8:42 Feudal Age
10:12 Double-Bit Axe
12:36 Horse Collar
15:46 Bloodlines
18:14 Scale Barding Armor
19:24 Forging
20:17 Wheelbarrow
23:16 Castle Age
22:57 Gold Mining
23:20 Light Cavalry
24:05 Husbandry
25:10 Iron Casting
25:03 Chain Barding Armor
26:25 Hand Cart
Fs.Black_
10:23 Feudal Age
9:29 Loom
12:03 Loom
14:46 Castle Age
18:57 Fletching
20:30 Bodkin Arrow
23:49 Padded Archer Armor
24:35 Ballistics
26:12 Double-Bit Axe
Connection lost

Rejoining the realm…

Still unreachable

The connection could not be restored.

Session expired

The server has moved on; the page needs a fresh start.